Map: Dusk Towers

Players

Lambo - Winner!

  • Race: Zerg Zerg
  • League: Grandmaster

Semper

  • Race: Terran Terran
  • League: Grandmaster

Event: DreamHack ROCCAT LotV Championship

VOD

Have the link to the VOD?

Description

Time

  • Played on: Nov. 26, 2015, 6:29 a.m.
  • Length: 6:40

All games in this series

Show
View Real Time Build Order
Export as new Build Order

Lambo Zerg - Winner!

Build Orders: Hatch First 

Get SALT Encoding   

  12  0:01  Drone  
  13  0:12  Overlord  
  13  0:17  Drone  
  14  0:31  Drone x2  
  14  0:34  Drone  
  17  0:52  Hatchery  
  17  0:54  Drone  
  17  1:08  Spawning Pool  
  17  1:10  Drone  
  17  1:14  Drone  
  18  1:34  Hatchery  
  18  1:36  Drone  
  18  1:39  Drone  
  19  1:42  Drone  
  20  1:49  Extractor  
  19  1:55  Queen  
  21  2:03  Queen  
  21  2:05  Zergling x2  
  24  2:09  Drone  
  24  2:13  Drone  
  26  2:17  Overlord  
  26  2:20  Drone  
  27  2:27  Drone  
  28  2:40  Queen  
  28  2:43  Drone x2  
  28  2:44  Drone  
  32  2:48  Queen  
  34  2:53  Metabolic Boost  
  34  2:57  Drone  
  35  3:01  Drone x2  
  37  3:09  Drone x2  
  39  3:16  Overlord  
  39  3:18  Drone x2  
  41  3:28  Overlord  
  41  3:34  Queen  
  41  3:35  Roach Warren  
  41  3:37  Drone  
  41  3:38  Drone  
  41  3:39  Drone x2  
  41  3:40  Drone x3  
  49  3:43  Extractor  
  48  3:48  Overlord  
  48  3:50  Drone x2  
  48  3:55  Zergling x8  
  53  3:56  Zergling x2  
  55  4:08  Zergling x6  
  56  4:10  Drone x3  
  56  4:14  Drone x2  
  60  4:18  Overlord  
  60  4:19  Drone  
  61  4:26  Overlord  
  61  4:31  Overlord x2  
  61  4:32  Overlord  
  61  4:44  Overlord x2  
  61  4:46  Roach x6  
  61  4:49  Baneling Nest  
  72  4:53  Roach  
  72  4:54  Roach  
  72  4:59  Roach  
  78  5:03  Roach  
  80  5:09  Roach  
  80  5:10  Zergling x10  
  87  5:15  Zergling x10  
  87  5:19  Overlord  
  87  5:20  Zergling x2  
  87  5:21  Zergling x2  
  94  5:24  Zergling x2  
  94  5:28  Zergling x4  
  97  5:35  Baneling x4  
  97  5:36  Baneling x2  
  97  5:37  Zergling x2  
  97  5:41  Zergling x16  
  106  5:45  Baneling  
  106  5:46  Zergling x2  
  107  5:50  Zergling x6  
  107  5:55  Zergling x4  
  103  6:08  Zergling x2  
  103  6:09  Zergling x8  
  98  6:22  Zergling x8  
  99  6:30  Ravager  
Show
View Real Time Build Order
Export as new Build Order

Semper Terran 

Build Orders: Reaper Expand 

Get SALT Encoding   

  12  0:01  SCV  
  13  0:13  SCV  
  14  0:17  Supply Depot  
  14  0:25  SCV  
  15  0:39  SCV  
  15  0:41  Barracks  
  16  0:44  Refinery  
  16  0:51  SCV  
  17  1:03  SCV  
  18  1:15  SCV  
  19  1:27  Orbital Command  
  19  1:28  Reaper  
  20  1:40  Command Center  
  20  1:53  SCV  
  21  1:55  Supply Depot  
  21  2:02  Marine  
  21  2:05  SCV  
  21  2:06  Factory  
  23  2:16  Refinery  
  23  2:17  SCV  
  24  2:22  Barracks Reactor  
  24  2:29  SCV  
  25  2:42  SCV  
  26  2:52  Orbital Command  
  26  2:54  SCV  
  26  2:55  Command Center  
  27  3:07  SCV  
  27  3:11  Barracks Tech Lab  
  28  3:14  Hellion x2  
  28  3:19  SCV x2  
  34  3:27  Supply Depot  
  34  3:31  SCV  
  34  3:33  Marine  
  36  3:34  Stimpack  
  36  3:37  SCV  
  37  3:47  SCV, Barracks  
  38  3:48  Barracks  
  38  3:52  Factory Reactor, Marine  
  39  3:56  SCV  
  40  4:09  SCV  
  39  4:12  Marine  
  39  4:13  SCV  
  39  4:14  Orbital Command  
  38  4:20  Refinery  
  38  4:21  SCV, Refinery, Starport  
  39  4:25  SCV  
  39  4:31  Marine  
  41  4:33  SCV  
  41  4:37  Engineering Bay  
  41  4:38  SCV, Factory Tech Lab  
  43  4:41  Engineering Bay, Marine x2  
  43  4:43  SCV  
  46  4:45  SCV  
  46  4:47  Marine  
  46  4:48  Marine  
  46  4:50  SCV  
  50  4:54  Supply Depot  
  50  4:57  Siege Tank  
  53  5:00  Marine, Starport Reactor  
  53  5:01  SCV  
  53  5:03  SCV  
  53  5:05  SCV  
  57  5:11  Supply Depot  
  57  5:13  Marine  
  59  5:14  SCV, Orbital Command  
  59  5:17  Marine  
  59  5:20  SCV  
  61  5:23  Marine x2  
  61  5:24  Supply Depot, Marine  
  64  5:30  SCV, Siege Tank  
  64  5:33  SCV  
  69  5:39  Medivac x2  
  69  5:42  SCV  
  74  5:43  SCV  
  74  5:48  Supply Depot  
  75  5:50  Supply Depot  
  75  5:52  Bunker  
  75  5:53  SCV  
  75  5:54  SCV  
  75  5:55  Marine x2  
  79  5:57  SCV  
  75  6:06  Siege Tank  
  75  6:08  Medivac  
  74  6:16  Marine  
  66  6:20  Marine x2  
  51  6:28  SCV  

Tags
 
Add a new tag
Caveats
  • Supply blocks, unpowered buildings, or Contaminate may cause inaccurate times.
  • Supply counts are checked every 10 seconds.